 Dungeon Crawl Stone Soup version 0.28.0-1-gb440e238dd (webtiles) character file.

Game seed: 11255345448592876666

968 pkoi the Zephyrmancer (level 7, -3/50 HPs)
             Began as a Black Draconian Air Elementalist on Feb 24, 2022.
             Killed themself with a bounced orb of electricity (5 damage)
             ... on level 5 of the Dungeon.
             The game lasted 00:11:35 (7090 turns).

pkoi the Zephyrmancer (DrAE)                        Turns: 7090, Time: 00:11:36

Health: -3/50      AC:  7    Str: 11    XL:     7   Next: 93%
Magic:  1/11       EV: 12    Int: 17    God:
Gold:   178        SH:  0    Dex: 11    Spells: 2/12 levels left

rFire   . . .      SeeInvis .   o - staff of air
rCold   . . .      Faith    .   (no shield)
rNeg    . . .      Spirit   .   (armour unavailable)
rPois   .          Reflect  .   (helmet restricted)
rElec   +          Harm     .   a - scarf {repulsion}
rCorr   +          Rampage  .   z - +0 pair of gloves
Will    .....                   (no boots)
Stlth   ++........              (no amulet)
HPRegen 0.16/turn               v - ring of resist corrosion
MPRegen 0.12/turn               (no ring)

@: repel missiles
A: breathe lightning, AC +6, unfitting armour, electricity resistance,
cold-blooded
a: Breathe Lightning


You were on level 5 of the Dungeon.
You visited 2 branches of the dungeon, and saw 6 of its levels.

You collected 178 gold pieces.

Inventory:

Hand Weapons
 c - a +0 mace
 j - a +3 whip of flaming
Missiles
 A - 2 throwing nets
Armour
 a - a scarf of repulsion (worn)
 z - a +0 pair of gloves (worn)
Magical Staves
 o - a staff of air (weapon)
Jewellery
 q - a ring of fire
 v - a ring of resist corrosion (left hand)
 y - a ring of protection from cold
Wands
 p - a wand of iceblast (8)
 x - a wand of acid (5)
Scrolls
 d - 3 scrolls of amnesia {unknown}
 f - a scroll of magic mapping {unknown}
 g - 2 scrolls of identify {unknown}
 i - a scroll of immolation {unknown}
 k - 2 scrolls of noise {unknown}
 r - a scroll of teleportation {unknown}
 t - a scroll of enchant weapon {unknown}
 w - a scroll of acquirement {unknown}
Potions
 b - a potion of flight {unknown}
 e - 2 potions of haste {unknown}
 h - 4 potions of brilliance {unknown}
 l - a potion of ambrosia {unknown}
 m - a potion of attraction {unknown}
 n - a potion of heal wounds {unknown}
 s - a potion of mutation {unknown}
 u - 2 potions of curing {unknown}


   Skills:
 - Level 1.7 Dodging
 - Level 1.7 Stealth
 - Level 4.2 Unarmed Combat
 - Level 3.0 Spellcasting
 - Level 1.0 Conjurations
 + Level 9.8 Air Magic


You had 2 spell levels left.
You knew the following spells:

 Your Spells              Type           Power      Damage    Failure   Level
a - Shock                 Conj/Air       100%       1d9       1%          1
b - Swiftness             Air            52%        N/A       1%          3
c - Airstrike             Air            26%        N/A       3%          4
d - Static Discharge      Conj/Air       31%        N/A       3%          2

Your spell library contained the following spells:

 Spells                   Type           Power      Damage    Failure   Level
 Mephitic Cloud           Conj/Pois/Air  22%        N/A       12%         3
 Ignite Poison            Fire/Tmut/Pois 2%         N/A       45%         3
 Freezing Cloud           Conj/Ice/Air   11%        6-21      73%         5


Dungeon Overview and Level Annotations

Branches:
Dungeon (5/15)             Temple (1/1) D:4

Altars:
Cheibriados
Dithmenos
Fedhas
Gozag
Hepliaklqana
Makhleb
Nemelex Xobeh
Qazlal
Trog
Uskayaw
Wu Jian
Yredelemnul
Zin
The Shining One

Annotations:
D:3 2 transporters, JJisdabomb's ghost, weakling DsGl


Innate Abilities, Weirdness & Mutations

You can breathe wild blasts of lightning.
Your glossy black scales are hard. (AC +6)
You cannot fit into any form of body armour.
You are resistant to electric shocks. (rElec)
You are cold-blooded and may be slowed by cold attacks.


Message History

Aiming: Shock (safe; 1% risk of failure)
Press: ? - help, Q - select action, (/) - cycle Shift-Dir - straight line, p - kobold brigand You feel a surge of power!
The zap misses the kobold brigand.
The zap hits the kobold brigand!
The kobold brigand is severely wounded.
The kobold brigand hits you but does no damage.
Aiming: Shock (safe; 1% risk of failure)
Press: ? - help, Q - select action, (/) - cycle Shift-Dir - straight line You feel a surge of power!
The zap hits the kobold brigand.
The kobold brigand is severely wounded.
The zap hits the kobold brigand!
You kill the kobold brigand!
Aiming: Shock (safe; 1% risk of failure)
Press: ? - help, Q - select action, (/) - cycle Shift-Dir - straight line You feel a surge of power!
The zap hits the komodo dragon!
The komodo dragon is heavily wounded.
The zap hits the komodo dragon.
The komodo dragon is severely wounded.
The komodo dragon bites you!
* * * LOW HITPOINT WARNING * * *
Aiming: Shock (safe; 1% risk of failure)
Press: ? - help, Q - select action, (/) - cycle Shift-Dir - straight line You feel a surge of power!
The zap hits the komodo dragon but does no damage.
The komodo dragon is severely wounded.
The zap hits the komodo dragon but does no damage.
The komodo dragon is severely wounded.
The komodo dragon bites you!!
Ouch! That really hurt!
* * * LOW HITPOINT WARNING * * *
Activating: Breathe Lightning (5% risk of failure)
Press: ? - help, Dir - look around, f - activate You breathe a wild blast of lightning!
The orb of electricity explodes!
The orb of electricity engulfs you! You resist.
* * * LOW HITPOINT WARNING * * *
The orb of electricity engulfs the komodo dragon!
The komodo dragon is almost dead.
The orb of electricity explodes!
The orb of electricity engulfs you. You resist.
You die...

....##...#........##
....##...#....###.)#
....##..##########.#
.......##..........#
.......#..##.#.#.###
######## #.######
##.#.#.# ##.#.##
####@# #l## #. ..
###


You could see a komodo dragon.

Vanquished Creatures
  Grinder (D:3)
  Sigmund (D:4)
  An ogre (D:4)
  A kobold brigand (D:5)
  A bullfrog zombie (D:5)
  3 orc priests (D:4)
  A gnoll shaman (D:4)
  Terence (D:2)
  An orc wizard (D:4)
  A hound skeleton (D:4)
  Robin (D:2)
  13 gnolls
  2 adders
  A white imp (D:5)
  9 orcs
  9 ball pythons
  7 bats
  4 endoplasms
  2 giant cockroaches
  5 hobgoblins
  2 jackals (D:1)
  11 kobolds
  A quokka (D:3)
  3 frilled lizards
  16 goblins
  6 rats
104 creatures vanquished.

Notes
Turn   | Place    | Note
-------+----------+-------------------------------------------
     0 | D:1      | pkoi the Draconian Air Elementalist began the quest for the
                  | Orb.
     0 | D:1      | Reached XP level 1. HP: 14/14 MP: 3/3
   287 | D:1      | Reached XP level 2. HP: 17/20 MP: 3/5
   362 | D:1      | Reached skill level 1 in Unarmed Combat
  1047 | D:2      | Reached XP level 3. HP: 22/26 MP: 1/6
  1097 | D:2      | Learned a level 3 spell: Swiftness
  1347 | D:2      | Noticed Terence
  1460 | D:2      | Noticed Robin
  1557 | D:2      | Killed Terence
  1558 | D:2      | Reached skill level 4 in Air Magic
  1558 | D:2      | Reached XP level 4. HP: 14/33 MP: 0/7
  2342 | D:2      | Killed Robin
  2605 | D:3      | Noticed Grinder
  2606 | D:3      | Paralysed by Grinder for 3 turns
  3387 | D:3      | Killed Grinder
  3388 | D:3      | Reached skill level 5 in Air Magic
  3388 | D:3      | Reached XP level 5. HP: 33/38 MP: 0/9
  3388 | D:3      | Reached XP level 6. HP: 39/45 MP: 0/10
  3475 | D:3      | Learned a level 4 spell: Airstrike
  3761 | D:3      | Noticed JJisdabomb's ghost (weakling DsGl)
  3772 | D:3      | Found a transporter.
  4213 | D:3      | Found a transporter.
  4317 | D:4      | Noticed Sigmund
  4594 | D:4      | Found a staircase to the Ecumenical Temple.
  4604 | Temple   | Entered the Ecumenical Temple
  5489 | D:4      | Killed Sigmund
  5490 | D:4      | Reached skill level 6 in Air Magic
  5490 | D:4      | Your scales start taking on a glossy black colour.
  5490 | D:4      | Reached skill level 7 in Air Magic
  5490 | D:4      | Reached XP level 7. HP: 41/50 MP: 5/11
  5490 | D:4      | Gained mutation: You are resistant to electric shocks.
                  | (rElec) [Black Draconian growth]
  5553 | D:4      | Reached skill level 8 in Air Magic
  5864 | D:4      | Found a shadowy altar of Dithmenos.
  6014 | D:4      | Learned a level 2 spell: Static Discharge
  6090 | D:4      | Reached skill level 9 in Air Magic
  6577 | D:4      | Found an ornate altar of the Wu Jian Council.
  6792 | D:5      | Entered Level 5 of the Dungeon
  7079 | D:5      | Noticed a komodo dragon
  7090 | D:5      | HP: 2/50 [bounced beam (7)]
  7090 | D:5      | Killed themself with a bounced orb of electricity

Illustrated notes

Levels and vault maps discovered:
D:1:      ebering_hopf_link, layout_basic, minmay_misc_feat_rugged,
          ebering_dispersal_statue_hall
D:2:      layout_loops_cross, uniq_terence, uniq_robin
D:3:      layout_loops_ring, gammafunk_ghost_stat_death,
          chequers_serial_rivers_micro_d, uniq_grinder
D:4:      nicolae_BIG_FREAKIN_CUBE, layout_basic,
          grunt_dithmenos_smoke_and_mirrors, pdpol_wu_jian_five_deadly_venoms,
          minmay_temple_entry_gardened_gates, minmay_misc_feat_encased,
          kennysheep_path_1, uniq_sigmund
D:5:      layout_gridville, mainiacjoe_overflow_alcove_4, minmay_small_thing
Temple:   hc_temple_tempest_star

Skill      XL: |  1  2  3  4  5  6  7 |
---------------+----------------------+-----
Unarmed Combat | 1 2 3 4 |  4.2
Air Magic      | 4 5 7 9 |  9.8
Spellcasting   | 3 |  3.0
Dodging        | |  1.7
Stealth        | |  1.7
Conjurations   | |  1.0

Action                   |  1- 3 |  4- 6 |  7- 9 || total
-------------------------+-------+-------+-------++-------
Melee: Unarmed           |    15 |       |       ||    15
       Mace              |     1 |       |       ||     1
       Whip              |    17 |    19 |       ||    36
       Tailslap          |     1 |     2 |       ||     3
       Punch             |     1 |     1 |       ||     2
 Cast: Shock             |    63 |   116 |    65 ||   244
Armor: Skin              |    10 |    15 |     7 ||    32
Dodge: Dodged            |    28 |    32 |    11 ||    71
